[Event "ICC tourney 3005 (40 10)"]
[Site "Internet Chess Club"]
[Date "2022.09.10"]
[Round "2"]
[White "WU, DARREN:chessboy111"]
[Black "SRIPADA, ANISHA:waterycargo"]
[Result "1-0"]
[ICCResult "Black resigns"]
[WhiteElo "1318"]
[BlackElo "1207"]
[Opening "French: exchange variation"]
[ECO "C01"]
[NIC "FR.01"]
[Time "13:15:29"]
[PlyCount "113"]
[TimeControl "2400+10"]

1. e4 e6 2. d4 d5 3. exd5 exd5 4. Bd3 Bd6 5. Nf3 Ne7 6. O-O O-O 7. Re1 h6 8.
c3 Bg4 9. h3 Bh5 10. Nbd2 Nbc6 11. Qc2 Bg6 12. Ne5 Bxd3 13. Qxd3 Bxe5 14.
dxe5 Ng6 15. Nf3 Re8 16. e6 Nge7 17. exf7+ Kxf7 18. Re2 Kg8 19. Bd2 Qd6 20.
Rae1 Rf8 21. Re6 Qd7 22. Nd4 Rae8 23. Qe2 Rd8 24. Nxc6 Nxc6 25. Qg4 Qf7 26.
f3 Qf5 27. Qxf5 Rxf5 28. Re8+ Rf8 29. Rxf8+ Rxf8 30. Kf2 Kf7 31. Bf4 Rc8 32.
b4 Ne7 33. g4 c6 34. Bd6 Ng6 35. Bg3 Re8 36. Rxe8 Kxe8 37. Ke3 Ke7 38. Kd4
b6 39. f4 Ke6 40. f5+ Kf6 41. fxg6 Kxg6 42. h4 Kf6 43. Be5+ Kf7 44. a4 g6
45. Bb8 a6 46. Bc7 b5 47. a5 Ke6 48. Bf4 h5 49. gxh5 gxh5 50. Bg5 Kd7 51.
Kc5 Kc7 52. Bh6 Kb7 53. Bf4 Ka7 54. Kxc6 Ka8 55. Kxd5 Ka7 56. Ke6 Kb7 57.
Kf5 {Black resigns} 1-0

[Event "ICC tourney 3005 (40 10)"]
[Site "Internet Chess Club"]
[Date "2022.09.10"]
[Round "2"]
[White "SULTAN, BASHIR Cisse:muzikmixer"]
[Black "S.M, UMER:uncrackable"]
[Result "0-1"]
[ICCResult "White resigns"]
[WhiteElo "1643"]
[BlackElo "1815"]
[Opening "King's Indian: Petrosian system, Stein variation"]
[ECO "E92"]
[NIC "KI.17"]
[Time "13:15:41"]
[PlyCount "74"]
[TimeControl "2400+10"]

1. c4 Nf6 2. Nc3 g6 3. e4 d6 4. d4 Bg7 5. Nf3 O-O 6. Be2 e5 7. d5 a5 8. O-O
Na6 9. Bg5 h6 10. Be3 Ng4 11. Bd2 f5 12. g3 Nc5 13. exf5 gxf5 14. Nh4 Nf6
15. Be3 b6 16. Bxc5 bxc5 17. Bd3 Nh7 18. Qc2 e4 19. Be2 Bd7 20. Rae1 Rb8 21.
Ng6 Rf7 22. f3 Bd4+ 23. Kh1 Qf6 24. Nf4 Ng5 25. h4 Nxf3 26. Bxf3 exf3 27.
Rxf3 Be5 28. b3 Kh8 29. a4 Rg8 30. Nce2 Rg4 31. Qd3 Rxh4+ 32. gxh4 Qxh4+ 33.
Rh3 Qxe1+ 34. Kh2 Qf2+ 35. Kh1 Bxf4 36. Nxf4 Qxf4 37. Qc3+ Rg7 {White
resigns} 0-1

[Event "ICC tourney 3005 (40 10)"]
[Site "Internet Chess Club"]
[Date "2022.09.10"]
[Round "2"]
[White "BRUDNO, STEPHEN:StevChess01"]
[Black "SPENCER, PAUL:iceberge"]
[Result "1-0"]
[ICCResult "Black checkmated"]
[WhiteElo "1529"]
[BlackElo "972"]
[Opening "QGD: Cambridge Springs defense, Bogolyubov variation"]
[ECO "D52"]
[NIC "QO.15"]
[Time "13:15:29"]
[PlyCount "101"]
[TimeControl "2400+10"]

1. d4 d5 2. c4 c6 3. Nc3 Nf6 4. Nf3 e6 5. Bg5 Nbd7 6. e3 Qa5 7. Nd2 Bb4 8.
Qc2 dxc4 9. Bxf6 Nxf6 10. Bxc4 b5 11. Bd3 Bb7 12. O-O Rc8 13. a3 Bd6 14. b4
Qc7 15. f4 h6 16. Nf3 O-O 17. Ne5 a5 18. Rab1 axb4 19. axb4 Qe7 20. Qb2 Ra8
21. Rfc1 Rfc8 22. Ne4 Nd5 23. Nxd6 Qxd6 24. Qd2 Ra4 25. Rc5 Rca8 26. Rb2
Ra1+ 27. Kf2 R1a3 28. h3 f6 29. Nf3 g5 30. g3 Kf7 31. Ne1 gxf4 32. gxf4 Nxf4
33. exf4 Qxd4+ 34. Ke2 Rg8 35. Bg6+ Rxg6 36. Qxd4 Rxh3 37. Qd7+ Kf8 38. Nf3
Rg2+ 39. Ke3 Rxb2 40. Rc3 Rg3 41. Qxb7 Rgg2 42. Qxc6 Rge2+ 43. Kd3 e5 44.
fxe5 fxe5 45. Qxh6+ Ke8 46. Rc8+ Kd7 47. Qc6+ Ke7 48. Re8+ Kf7 49. Ng5+ Kg7
50. Re7+ Kf8 51. Qe8# {Black checkmated} 1-0

[Event "ICC tourney 3005 (40 10)"]
[Site "Internet Chess Club"]
[Date "2022.09.10"]
[Round "2"]
[White "SEBBA, AMITAI:Amitai"]
[Black "Anthony, Joseph:ajk170378"]
[Result "0-1"]
[ICCResult "White resigns"]
[WhiteElo "1573"]
[BlackElo "1783"]
[Opening "Caro-Kann: exchange, Rubinstein variation"]
[ECO "B13"]
[NIC "CK.02"]
[Time "13:15:26"]
[PlyCount "116"]
[TimeControl "2400+10"]

1. e4 c6 2. d4 d5 3. exd5 cxd5 4. Bd3 Nf6 5. c3 Nc6 6. Bf4 g6 7. Nf3 Nh5 8.
Be3 Qc7 9. O-O Bg7 10. Nbd2 O-O 11. Nb3 b6 12. a4 Nf4 13. Bc2 a5 14. Nbd2
Ba6 15. Re1 b5 16. axb5 Bxb5 17. Nb3 Ne6 18. Bd3 Bxd3 19. Qxd3 a4 20. Nc5
Nxc5 21. dxc5 e6 22. Qc2 Rfb8 23. Reb1 Ne5 24. Nxe5 Bxe5 25. h3 Bf4 26. Bxf4
Qxf4 27. Qd3 Qf5 28. Qxf5 gxf5 29. Ra3 Kg7 30. Kf1 Kf6 31. Ke2 Ke5 32. Kd3
f4 33. c4 Rb4 34. Re1+ Kf5 35. cxd5 exd5 36. Re2 h5 37. g3 fxg3 38. fxg3 Kg5
39. c6 Rc4 40. Rc2 Rc8 41. Rac3 R8xc6 42. Rxc4 Rxc4 43. Rf2 f5 44. Re2 Re4
45. Rf2 d4 46. Rf3 h4 47. gxh4+ Rxh4 48. Ke2 f4 49. Kd3 Kf5 50. Kxd4 Rh8 51.
Kd3 Rb8 52. Rf2 Rb3+ 53. Kc4 f3 54. Kd4 Kf4 55. h4 Kg3 56. Rc2 f2 57. Rc1
Kg2 58. h5 f1=Q {White resigns} 0-1

[Event "ICC tourney 3005 (40 10)"]
[Site "Internet Chess Club"]
[Date "2022.09.10"]
[Round "3"]
[White "ZHANG, ARI:brass60Six"]
[Black "HAMLETT, JAMES MORRISON:Hamlett144"]
[Result "1-0"]
[ICCResult "Black resigns"]
[WhiteElo "1342"]
[BlackElo "1232"]
[Opening "Nimzo-Indian: three knights variation"]
[ECO "E21"]
[NIC "NI.28"]
[Time "15:31:08"]
[PlyCount "73"]
[TimeControl "2400+10"]

1. d4 Nf6 2. c4 e6 3. Nc3 Bb4 4. Nf3 O-O 5. Bd2 b6 6. a3 Be7 7. e3 Bb7 8.
Be2 Ne4 9. Nxe4 Bxe4 10. Bc3 f5 11. h3 d6 12. Bd3 Bb7 13. Qe2 Nd7 14. e4 f4
15. O-O-O a6 16. Rhg1 b5 17. cxb5 axb5 18. Bxb5 c6 19. Bc4 d5 20. Bd3 c5 21.
Rde1 cxd4 22. Nxd4 Nc5 23. exd5 Bxd5 24. Bc4 Bxc4 25. Qxc4 Rb8 26. Nxe6 Nd3+
27. Kb1 Qd7 28. Nxf8+ Kxf8 29. Rd1 Nxb2 30. Bxb2 Qf5+ 31. Qd3 Qe5 32. Rd2
Bf6 33. Qd6+ Qxd6 34. Rxd6 Rxb2+ 35. Kc1 Rxf2 36. Rd2 Bd4 37. Rxd4
{Black resigns}
1-0

[Event "ICC tourney 3005 (40 10)"]
[Site "Internet Chess Club"]
[Date "2022.09.10"]
[Round "3"]
[White "Mehta, Aarav Amit:amitmehta22"]
[Black "SULTAN, BASHIR Cisse:muzikmixer"]
[Result "1-0"]
[ICCResult "Black resigns"]
[WhiteElo "1292"]
[BlackElo "1643"]
[Opening "Robatsch defense: three pawns attack"]
[ECO "B06"]
[NIC "KF.05"]
[Time "15:30:26"]
[PlyCount "57"]
[TimeControl "2400+10"]

1. e4 g6 2. d4 Bg7 3. f4 d6 4. Nf3 e6 5. Nc3 a6 6. a4 b6 7. Bd3 Ne7 8. O-O
O-O 9. e5 d5 10. Ne2 c5 11. c3 Nbc6 12. Be3 cxd4 13. cxd4 Nb4 14. Rc1 Nxd3
15. Qxd3 a5 16. Qd2 Ba6 17. Rfd1 Qd7 18. Ng3 Qxa4 19. f5 Nxf5 20. Nxf5 exf5
21. Bh6 Rfc8 22. Bxg7 Kxg7 23. Qg5 Be2 24. Qf6+ Kg8 25. Ng5 Qd7 26. Re1 h6
27. e6 fxe6 28. Qxg6+ Qg7 29. Qxe6+ {Black resigns} 1-0

[Event "ICC tourney 3005 (40 10)"]
[Site "Internet Chess Club"]
[Date "2022.09.10"]
[Round "3"]
[White "KURIAN ABHILASH, ALEN:K09-17188617"]
[Black "MOSS, MARVIN:mmoss2932"]
[Result "1-0"]
[ICCResult "Black checkmated"]
[WhiteElo "1167"]
[BlackElo "1460"]
[Opening "Sicilian: Grand Prix attack"]
[ECO "B23"]
[NIC "SI.44"]
[Time "15:30:55"]
[PlyCount "49"]
[TimeControl "2400+10"]

1. e4 c5 2. Nc3 Nc6 3. f4 e6 4. Nf3 d5 5. Bb5 dxe4 6. Bxc6+ bxc6 7. Nxe4 Nf6
8. Qe2 Be7 9. O-O Nxe4 10. Qxe4 Qd5 11. Qe2 O-O 12. d3 Rd8 13. Ne5 Bb7 14.
Kh1 Bf6 15. b3 Bxe5 16. fxe5 Qd4 17. Rb1 Rd7 18. Rf4 Qd5 19. Rg4 Kh8 20. Qf2
Rg8 21. Qg3 Rdd8 22. Rh4 g6 23. Rxh7+ Kxh7 24. Qh3+ Kg7 25. Qh6#
{Black checkmated}
1-0

[Event "ICC tourney 3005 (40 10)"]
[Site "Internet Chess Club"]
[Date "2022.09.10"]
[Round "3"]
[White "SUN, YIMENG:K09-16513258"]
[Black "Boyle, Brendan:bfboyle98"]
[Result "0-1"]
[ICCResult "White resigns"]
[WhiteElo "1083"]
[BlackElo "1366"]
[Opening "Scandinavian defense"]
[ECO "B01"]
[NIC "SD.03"]
[Time "15:30:26"]
[PlyCount "84"]
[TimeControl "2400+10"]

1. e4 d5 2. exd5 Nf6 3. Nf3 Bg4 4. Nc3 Nxd5 5. d4 Nxc3 6. bxc3 e6 7. Bc4 Be7
8. Bf4 Nd7 9. O-O Nf6 10. Rb1 Rb8 11. Bb5+ Kf8 12. Qd3 Bxf3 13. Qxf3 Bd6 14.
Bg5 c6 15. Bd3 h6 16. Bf4 Bxf4 17. Qxf4 Nd5 18. Qd2 Qg5 19. Qxg5 hxg5 20. c4
Nf4 21. g3 Nxd3 22. cxd3 Ke7 23. Rb3 Rhd8 24. Rc1 Rxd4 25. Rcb1 b6 26. c5 b5
27. Kf1 g4 28. Ke2 Rh8 29. Rb4 Rxb4 30. Rxb4 f5 31. a4 a6 32. axb5 axb5 33.
Rb2 Ra8 34. Ke3 Kf6 35. f3 gxf3 36. Kxf3 g5 37. Rb4 g4+ 38. Ke3 e5 39. d4
Ra4 40. dxe5+ Kxe5 41. Rf4 Rxf4 42. gxf4+ Kd5 {White resigns} 0-1

[Event "ICC tourney 3005 (40 10)"]
[Site "Internet Chess Club"]
[Date "2022.09.10"]
[Round "3"]
[White "ZHAO, DANSON:K01-30127679"]
[Black "SEBBA, AMITAI:Amitai"]
[Result "0-1"]
[ICCResult "White checkmated"]
[WhiteElo "1233"]
[BlackElo "1573"]
[Opening "Sicilian: Pelikan (Lasker/Sveshnikov) variation"]
[ECO "B33"]
[NIC "SI.35"]
[Time "15:31:08"]
[PlyCount "64"]
[TimeControl "2400+10"]

1. e4 c5 2. Nf3 Nc6 3. d4 cxd4 4. Nxd4 Nf6 5. Nc3 e5 6. Nf3 Bb4 7. Bd3 d5 8.
exd5 Nxd5 9. Bd2 Bxc3 10. bxc3 O-O 11. O-O Kh8 12. Re1 Qc7 13. Be4 Nde7 14.
Bxc6 Nxc6 15. Qe2 Bg4 16. h3 Bxf3 17. Qxf3 f5 18. Rad1 Rae8 19. Bc1 e4 20.
Qf4 Ne5 21. Bd2 Qc6 22. Qg3 Qa4 23. Bf4 Ng6 24. Rc1 Qxa2 25. Ra1 Qc4 26.
Rxa7 e3 27. Bd6 f4 28. Qg4 exf2+ 29. Kxf2 Rxe1 30. Kxe1 Qxc3+ 31. Kf1 Re8
32. Bxf4 Qe1# {White checkmated} 0-1

[Event "ICC tourney 3005 (40 10)"]
[Site "Internet Chess Club"]
[Date "2022.09.10"]
[Round "3"]
[White "Sarafudinov, Andrey:whyyoutrysohard"]
[Black "YU, VINCENT ZHIWEN:vincentyu"]
[Result "0-1"]
[ICCResult "White resigns"]
[WhiteElo "1558"]
[BlackElo "965"]
[Opening "Catalan opening"]
[ECO "E00"]
[NIC "CA.01"]
[Time "15:39:25"]
[PlyCount "66"]
[TimeControl "2400+10"]

1. d4 Nf6 2. c4 e6 3. g3 Bb4+ 4. Bd2 Be7 5. Nf3 O-O 6. Bg2 c5 7. O-O Nc6 8.
Bf4 Qb6 9. d5 exd5 10. cxd5 Nd4 11. Nxd4 cxd4 12. Qd2 Bc5 13. Rd1 Re8 14.
Na3 Ne4 15. Qd3 Nf6 16. Nc4 Qa6 17. a3 b5 18. Nd2 Bb7 19. Nb3 Bb6 20. Nxd4
Bxd4 21. Qxd4 Rxe2 22. Be5 Re8 23. f4 Rc8 24. Rac1 Rcc2 25. Rxc2 Rxc2 26.
Qd3 Rc8 27. Qf5 b4 28. Bxf6 gxf6 29. Qg4+ Kh8 30. Qxd7 Qe2 31. Rf1 Rc2 32.
Qh3 Bc8 33. Bf3 Qe3+ {White resigns} 0-1

[Event "ICC tourney 3005 (40 10)"]
[Site "Internet Chess Club"]
[Date "2022.09.10"]
[Round "3"]
[White "Dixon, Javier:JavierDix"]
[Black "Hernandez-Visbal, Arthur:thechessgod22"]
[Result "0-1"]
[ICCResult "White resigns"]
[WhiteElo "1377"]
[BlackElo "1649"]
[Opening "Queen's bishop game"]
[ECO "D02"]
[NIC "QP.06"]
[Time "15:30:39"]
[PlyCount "78"]
[TimeControl "2400+10"]

1. d4 Nf6 2. Nf3 d5 3. Bf4 e6 4. e3 Bd6 5. Be5 Nc6 6. Bb5 Bd7 7. Bg3 O-O 8.
Nbd2 a6 9. Bxc6 Bxc6 10. Ne5 Nd7 11. Ndf3 Nxe5 12. Nxe5 Bxe5 13. Bxe5 f6 14.
Bg3 Qe7 15. O-O e5 16. dxe5 fxe5 17. c3 Rad8 18. Qg4 Bb5 19. Bh4 Qd7 20.
Qxd7 Rxd7 21. Rfd1 c5 22. a4 Bc4 23. Bg3 Re8 24. f4 exf4 25. Bxf4 Bb3 26.
Re1 a5 27. Ra3 Bc2 28. Re2 Bd3 29. Rd2 Bc4 30. b3 Ba6 31. c4 Red8 32. Bg5
dxc4 33. Bxd8 Rxd2 34. Bxa5 Rd3 35. Ra1 cxb3 36. Bb6 b2 37. Rb1 Rb3 38. Bxc5
Bd3 39. Rf1 Bxf1 {White resigns} 0-1

[Event "ICC tourney 3005 (40 10)"]
[Site "Internet Chess Club"]
[Date "2022.09.10"]
[Round "3"]
[White "S.M, UMER:uncrackable"]
[Black "Doan Giang, Nguyen Doan:Doctorstrange04"]
[Result "0-1"]
[ICCResult "White resigns"]
[WhiteElo "1815"]
[BlackElo "1763"]
[Opening "King's Indian: fianchetto without c4"]
[ECO "A49"]
[NIC "EO.26"]
[Time "15:30:33"]
[PlyCount "88"]
[TimeControl "2400+10"]

1. d4 Nf6 2. Nf3 g6 3. g3 Bg7 4. Bg2 O-O 5. O-O c5 6. c4 cxd4 7. Nxd4 Nc6 8.
Nc3 Qa5 9. Nc2 d6 10. Qd2 Qh5 11. Qg5 Qxg5 12. Bxg5 Be6 13. Ne3 h6 14. Bxf6
Bxf6 15. Ncd5 Bg7 16. Rad1 Rfc8 17. b4 Kf8 18. b5 Na5 19. Rc1 Rab8 20. Rfd1
Bb2 21. Rc2 Ba3 22. Be4 Bc5 23. Bd3 Bxd5 24. Nxd5 e6 25. Nc3 Ke7 26. e3 Rc7
27. Bf1 Rbc8 28. Ne4 f5 29. Nxc5 Rxc5 30. Rcd2 Rd8 31. Rd4 e5 32. Rd5 Rxd5
33. cxd5 Rc8 34. e4 Rc5 35. exf5 gxf5 36. Bh3 Kf6 37. f4 e4 38. g4 Rc3 39.
Kg2 Nc4 40. Rg1 Ne3+ 41. Kg3 Nxd5+ 42. Kh4 Nxf4 43. Bf1 e3 44. gxf5 Rc1
{White resigns}
0-1

[Event "ICC tourney 3005 (40 10)"]
[Site "Internet Chess Club"]
[Date "2022.09.10"]
[Round "3"]
[White "Anthony, Joseph:ajk170378"]
[Black "MALAKAR, SAARTHAK:iamvoltu"]
[Result "1/2-1/2"]
[ICCResult "Game drawn by mutual agreement"]
[WhiteElo "1783"]
[BlackElo "1693"]
[Opening "Caro-Kann: advance variation"]
[ECO "B12"]
[NIC "CK.04"]
[Time "15:31:07"]
[PlyCount "134"]
[TimeControl "2400+10"]

1. e4 c6 2. d4 d5 3. e5 Bf5 4. h4 h5 5. Bg5 Qb6 6. Bd3 Bxd3 7. Qxd3 Qxb2 8.
e6 f6 9. Bf4 Qxa1 10. Qb3 Qxd4 11. Qxb7 Qb6 12. Qc8+ Qd8 13. Qb7 Qb6 14.
Qxa8 Qxb1+ 15. Ke2 Qxc2+ 16. Bd2 Qe4+ 17. Kf1 Qxe6 18. Qxb8+ Kf7 19. Rh3 Nh6
20. Rb3 Ng4 21. Nf3 g6 22. Qxa7 Bh6 23. Nd4 Qe4 24. f3 Nh2+ 25. Kg1 Qxh4 26.
Nxc6 Re8 27. Bb4 Bf4 28. Qd7 Nxf3+ 29. Rxf3 Bh2+ 30. Kh1 Bd6+ 31. Rh3 Qf4
32. Bxd6 Qxd6 33. Qxd6 exd6 34. Ra3 Re1+ 35. Kh2 Rc1 36. Nd4 Rc4 37. Ra7+
Kg8 38. Ne6 d4 39. Rd7 Ra4 40. Rg7+ Kh8 41. Rxg6 d3 42. Rh6+ Kg8 43. Rxf6 d2
44. Rf1 Re4 45. Rd1 Rxe6 46. Rxd2 Re3 47. Rxd6 Ra3 48. Rd2 Kg7 49. Rf2 Kg6
50. g3 Kg5 51. Kh3 Ra4 52. Re2 Ra3 53. Rf2 Ra4 54. Rd2 Ra3 55. Rd5+ Kg6 56.
Kh4 Ra4+ 57. Kh3 Rxa2 58. Rd6+ Kg5 59. Rd5+ Kg6 60. Rd4 Kg5 61. Rd5+ Kg6 62.
Rd4 Kg5 63. Rd3 Rb2 64. Rd8 Ra2 65. Rg8+ Kh6 66. Rh8+ Kg5 67. Rg8+ Kh6
{Game drawn by mutual agreement}
1/2-1/2

[Event "ICC tourney 3005 (40 10)"]
[Site "Internet Chess Club"]
[Date "2022.09.10"]
[Round "3"]
[White "Kolli, Anushka:Eagle2020"]
[Black "BRUDNO, STEPHEN:StevChess01"]
[Result "0-1"]
[ICCResult "White checkmated"]
[WhiteElo "1478"]
[BlackElo "1529"]
[Opening "Sicilian: Alapin's variation (2.c3)"]
[ECO "B22"]
[NIC "SI.46"]
[Time "15:30:24"]
[PlyCount "120"]
[TimeControl "2400+10"]

1. e4 c5 2. c3 d5 3. exd5 Qxd5 4. d4 Nf6 5. Nf3 Nc6 6. Na3 cxd4 7. Nb5 Qd8
8. cxd4 e6 9. Bf4 Nd5 10. Bg3 Bb4+ 11. Nd2 a6 12. Qa4 O-O 13. Na3 Nxd4 14.
Bd3 Bd7 15. Qd1 Qa5 16. Nc4 Bxd2+ 17. Nxd2 Bb5 18. Qg4 Nb3 19. Rd1 Bxd3 20.
axb3 Bf5 21. Qf3 Qb4 22. h3 Rfd8 23. O-O Bc2 24. Rde1 Qxd2 25. Be5 Qh6 26.
g4 f6 27. Bg3 e5 28. Rc1 Qg6 29. h4 Qe4 30. Qxe4 Bxe4 31. h5 h6 32. f4 exf4
33. Bxf4 Nxf4 34. Rxf4 Bc6 35. Rcf1 Rd6 36. g5 hxg5 37. Rf5 Rad8 38. h6 gxh6
39. Rxf6 Rxf6 40. Rxf6 Kg7 41. Re6 Rd2 42. Kf1 Rxb2 43. Re7+ Kg6 44. Re6+
Kh5 45. Re3 Kg4 46. Rc3 h5 47. Rc4+ Kf5 48. Rc5+ Kg6 49. Rc3 h4 50. Rh3 Kh5
51. Re3 g4 52. Re5+ Kg6 53. Re6+ Kf5 54. Rh6 h3 55. Rh4 Kf4 56. b4 Kf3 57.
Kg1 Bb5 58. Kh1 Kg3 59. Rxh3+ gxh3 60. Kg1 Rb1# {White checkmated} 0-1

[Event "ICC tourney 3005 (40 10)"]
[Site "Internet Chess Club"]
[Date "2022.09.10"]
[Round "3"]
[White "OPASKA, MICHAEL:mopaska1106"]
[Black "KAUR, JIND:ranu540"]
[Result "1-0"]
[ICCResult "Black checkmated"]
[WhiteElo "1803"]
[BlackElo "1161"]
[Opening "King's Indian: Four pawns attack"]
[ECO "E76"]
[NIC "KI.31"]
[Time "15:30:24"]
[PlyCount "95"]
[TimeControl "2400+10"]

1. d4 Nf6 2. c4 g6 3. Nc3 Bg7 4. e4 d6 5. f4 O-O 6. Nf3 Nbd7 7. Be2 Re8 8.
O-O e5 9. fxe5 dxe5 10. d5 Rf8 11. h3 Nh5 12. Bg5 f6 13. Be3 Nf4 14. c5 f5
15. Bc4 Kh8 16. Qd2 Nf6 17. Bxf4 exf4 18. e5 Ne4 19. Qxf4 Nxc5 20. e6 c6 21.
Rae1 Re8 22. Ng5 Qe7 23. d6 Qf6 24. Nf7+ Kg8 25. d7 Bxd7 26. exd7 Nxd7 27.
Nd6+ Kf8 28. Rxe8+ Rxe8 29. Nxe8 Kxe8 30. Rd1 Ne5 31. Be2 Qe7 32. Qa4 Nd7
33. Qxa7 Bxc3 34. Qa8+ Kf7 35. Bc4+ Kf6 36. Qh8+ Kg5 37. Qxc3 Ne5 38. Bf1
Qc7 39. Re1 Nf7 40. Kh1 Nd6 41. Qg3+ Kf6 42. Qh4+ Kg7 43. Re7+ Qxe7 44.
Qxe7+ Kh6 45. Qxd6 Kg5 46. Qe7+ Kf4 47. Kg1 Kg3 48. Qg5# {Black checkmated}
1-0

[Event "ICC tourney 3005 (40 10)"]
[Site "Internet Chess Club"]
[Date "2022.09.10"]
[Round "3"]
[White "SPENCER, PAUL:iceberge"]
[Black "WU, DARREN:chessboy111"]
[Result "0-1"]
[ICCResult "White forfeits on time"]
[WhiteElo "972"]
[BlackElo "1318"]
[Opening "QGD: 4.Nf3"]
[ECO "D37"]
[NIC "QP.08"]
[Time "15:30:34"]
[PlyCount "72"]
[TimeControl "2400+10"]

1. d4 d5 2. c4 e6 3. Nf3 Nf6 4. Nc3 Be7 5. e3 O-O 6. Bd3 b6 7. Qc2 Bb7 8.
O-O c5 9. cxd5 exd5 10. b3 Nbd7 11. Bb2 a6 12. Rad1 b5 13. dxc5 Nxc5 14. Bf5
b4 15. Ne2 Nce4 16. Nf4 h6 17. Nd4 Qb6 18. f3 Nd6 19. Rfe1 Rfe8 20. Qb1 Nxf5
21. Nxf5 Bc5 22. Bxf6 Qxf6 23. Nxd5 Bxd5 24. Rxd5 Ba7 25. Kh1 Rad8 26. Rxd8
Rxd8 27. Qe4 Qc3 28. Rb1 Qd2 29. h3 Qd3 30. Rd1 Qxd1+ 31. Kh2 Bb8+ 32. f4
Qd3 33. Qe7 Qd7 34. Qc5 Re8 35. Nd4 Bd6 36. Qd5 Bxf4+ {White forfeits on
time} 0-1

[Event "ICC tourney 3005 (40 10)"]
[Site "Internet Chess Club"]
[Date "2022.09.10"]
[Round "3"]
[White "HOSUR, SANMITA:phosur"]
[Black "SRIPADA, ANISHA:waterycargo"]
[Result "0-1"]
[ICCResult "White forfeits on time"]
[WhiteElo "1266"]
[BlackElo "1207"]
[Opening "QGD: Neo-orthodox variation, 7.Bh4"]
[ECO "D56"]
[NIC "QP.08"]
[Time "15:30:24"]
[PlyCount "108"]
[TimeControl "2400+10"]

1. d4 d5 2. c4 e6 3. Nc3 Be7 4. Nf3 Nf6 5. Bg5 h6 6. Bh4 O-O 7. e3 Nbd7 8.
Bd3 b6 9. cxd5 Nxd5 10. Nxd5 Bxh4 11. Nxh4 exd5 12. Nf3 Bb7 13. O-O Re8 14.
b4 Qe7 15. a3 Rac8 16. Qa4 Ra8 17. Bb5 Red8 18. Rfc1 Nf6 19. Ne5 Rd6 20. Bc6
Bxc6 21. Rxc6 Rxc6 22. Qxc6 Rd8 23. Rc1 Rc8 24. Qb7 Qe8 25. Qxa7 Qd8 26. Qb7
Ne4 27. Qc6 Ng5 28. Nd7 Ne6 29. Nxb6 Rb8 30. Nxd5 Ra8 31. a4 Rb8 32. a5 Ra8
33. f4 Rb8 34. b5 Ra8 35. b6 cxb6 36. axb6 Rb8 37. b7 Kh7 38. Ra1 Qh4 39.
Qc8 Qd8 40. Ra8 Rxc8 41. bxc8=Q Qxd5 42. Qh8+ Kg6 43. Qb8 Qe4 44. g4 Qxe3+
45. Kf1 Qf3+ 46. Ke1 Qxg4 47. Qb1+ Kf6 48. Qe4 Qg1+ 49. Ke2 Qxh2+ 50. Kd3
Qg3+ 51. Kc4 Qxf4 52. Qxf4+ Nxf4 53. d5 h5 54. d6 Ne6 {White forfeits on
time} 0-1

[Event "ICC tourney 3005 (40 10)"]
[Site "Internet Chess Club"]
[Date "2022.09.10"]
[Round "4"]
[White "ZHAO, DANSON:K01-30127679"]
[Black "SUN, YIMENG:K09-16513258"]
[Result "0-1"]
[ICCResult "White checkmated"]
[WhiteElo "1233"]
[BlackElo "1083"]
[Opening "Giuoco Pianissimo: Italian four knights variation"]
[ECO "C50"]
[NIC "IG.02"]
[Time "17:46:44"]
[PlyCount "86"]
[TimeControl "2400+10"]

1. e4 e5 2. Nf3 Nc6 3. Bc4 Bc5 4. Nc3 Nf6 5. d3 h6 6. O-O d6 7. h4 Bg4 8.
Be3 Nd4 9. Bxd4 Bxd4 10. Rb1 c6 11. Qe2 O-O 12. Nd1 d5 13. exd5 cxd5 14. Bb3
e4 15. dxe4 dxe4 16. Ne3 exf3 17. gxf3 Bh5 18. Ng2 Re8 19. Qd3 Bb6 20. Rbd1
Qxd3 21. Rxd3 Rad8 22. Rfd1 Rxd3 23. Rxd3 Re2 24. Kf1 Rxf2+ 25. Kg1 Bxf3 26.
Ne3 Ng4 27. Nxg4 Bxg4 28. c3 Rd2+ 29. Kf1 Rxd3 30. h5 Rd2 31. c4 Bxh5 32. c5
Bxc5 33. a4 g5 34. a5 g4 35. a6 bxa6 36. Ba4 g3 37. Bc6 Rxb2 38. Bf3 a5 39.
Bd5 a4 40. Bxf7+ Kxf7 41. Ke1 a3 42. Kf1 a2 43. Ke1 a1=Q# {White checkmated}
0-1

[Event "ICC tourney 3005 (40 10)"]
[Site "Internet Chess Club"]
[Date "2022.09.10"]
[Round "4"]
[White "YU, VINCENT ZHIWEN:vincentyu"]
[Black "KAUR, JIND:ranu540"]
[Result "1-0"]
[ICCResult "Black checkmated"]
[WhiteElo "965"]
[BlackElo "1161"]
[Opening "Sicilian: closed"]
[ECO "B24"]
[NIC "SI.44"]
[Time "17:46:13"]
[PlyCount "47"]
[TimeControl "2400+10"]

1. e4 c5 2. Nc3 Nc6 3. g3 g6 4. Bg2 Bg7 5. d3 Nf6 6. Nge2 O-O 7. O-O d6 8.
h3 Be6 9. f4 d5 10. e5 Nd7 11. g4 Nb6 12. Qe1 Qc8 13. Qg3 Nb4 14. f5 gxf5
15. gxf5 Bxf5 16. Nf4 Nxc2 17. Rb1 e6 18. Nh5 Bg6 19. Nxg7 Kxg7 20. Qg5 Nd4
21. Qf6+ Kg8 22. Bh6 Nf5 23. Rxf5 Nd7 24. Qg7# {Black checkmated} 1-0

[Event "ICC tourney 3005 (40 10)"]
[Site "Internet Chess Club"]
[Date "2022.09.10"]
[Round "4"]
[White "HAMLETT, JAMES MORRISON:Hamlett144"]
[Black "HOSUR, SANMITA:phosur"]
[Result "0-1"]
[ICCResult "White resigns"]
[WhiteElo "1232"]
[BlackElo "1266"]
[Opening "Sicilian: closed"]
[ECO "B23"]
[NIC "SI.44"]
[Time "17:46:31"]
[PlyCount "30"]
[TimeControl "2400+10"]

1. e4 c5 2. Nc3 g6 3. f4 Bg7 4. Nf3 Nc6 5. Bc4 d6 6. e5 dxe5 7. Ng5 e6 8.
Qg4 Nf6 9. Qh3 h6 10. Nxe6 fxe6 11. Bxe6 exf4 12. O-O Nd4 13. Rxf4 Bxe6 14.
Qe3 O-O 15. Rxd4 Qxd4 {White resigns} 0-1

[Event "ICC tourney 3005 (40 10)"]
[Site "Internet Chess Club"]
[Date "2022.09.10"]
[Round "4"]
[White "MOSS, MARVIN:mmoss2932"]
[Black "ZHANG, ARI:brass60Six"]
[Result "0-1"]
[ICCResult "White resigns"]
[WhiteElo "1460"]
[BlackElo "1342"]
[Opening "QGD semi-Slav"]
[ECO "D43"]
[NIC "SL.03"]
[Time "17:46:24"]
[PlyCount "114"]
[TimeControl "2400+10"]

1. d4 d5 2. c4 c6 3. Nc3 Nf6 4. Nf3 e6 5. Bg5 Be7 6. e3 Nbd7 7. Rc1 h6 8.
Bh4 O-O 9. Bd3 Bd6 10. O-O Re8 11. e4 dxe4 12. Nxe4 Be7 13. Qe2 Nxe4 14.
Bxe7 Qxe7 15. Bxe4 Nf6 16. Bb1 c5 17. Rfd1 cxd4 18. Nxd4 Bd7 19. Nf3 Bc6 20.
Ne5 Rac8 21. b3 Red8 22. Rxd8+ Rxd8 23. Nxc6 bxc6 24. Rd1 Kf8 25. Rxd8+ Qxd8
26. Qd3 Qxd3 27. Bxd3 c5 28. h3 Ke7 29. Kf1 Kd6 30. f4 a5 31. Ke2 e5 32. Ke3
exf4+ 33. Kxf4 Nh5+ 34. Ke3 Ke5 35. Be2 Nf4 36. Bf3 f6 37. h4 g5 38. g3 Ne6
39. hxg5 hxg5 40. Bd5 Nd4 41. Bg2 f5 42. Bd5 Nc2+ 43. Kd2 Nb4 44. Bg2 Nxa2
45. Bb7 Nb4 46. Bg2 f4 47. gxf4+ Kxf4 48. Bd5 g4 49. Bb7 g3 50. Ba8 Na6 51.
Ke2 Nc7 52. Bc6 Ne6 53. Kf1 Nd4 54. Ba4 Kf3 55. Kg1 g2 56. Be8 Ne2+ 57. Kh2
g1=Q+ {White resigns} 0-1